 Dungeon Sprint DCSS version 0.20-a0-1101-g1de9d76 (webtiles) character file.

908 potatolord5000 the Fighter (level 7, 0/73 HPs)
             Began as a Minotaur Fighter on May 4, 2017.
             Slain by a neqoxec (4 damage)
             ... in the Dungeon (Sprint II: "The Violet Keep of Menkaure").
             The game lasted 00:01:24 (69 turns).

potatolord5000 the Fighter (Minotaur Fighter)         Turns: 69, Time: 00:01:25

Health: 0/73       AC:  8    Str: 28      XL:     7   Next: 81%
Magic:  6/6        EV:  9    Int:  2 (5)  God:
Gold:   0          SH: 12    Dex:  9      Spells: 6/6 levels left

rFire    . . .     SeeInvis .   a - +0 war axe
rCold    . . .     Gourm    .   c - +0 shield
rNeg     . . .     Faith    .   b - +0 scale mail
rPois    .         Spirit   .   (helmet restricted)
rElec    .         Reflect  .   (no cloak)
rCorr    .         Harm     .   (no gloves)
MR       .....     NoTele   +   (no boots)
Stlth    ..........             (no amulet)
Regen    0.3/turn               (no ring)
MPRegen  0.1/turn               (no ring)

@: mighty
A: retaliatory headbutt, horns 2, MP-powered wands
a: no special abilities


You were in the Dungeon.
You were not hungry.

You visited 1 branch

Inventory:

Hand Weapons
 a - a +0 war axe (weapon)
Armour
 b - a +0 scale mail (worn)
 c - a +0 shield (worn)
Scrolls
 k - a scroll of blinking
Potions
 e - a potion of curing
 i - 2 potions of magic
 j - a potion of berserk rage
Comestibles
 f - a bread ration


   Skills:
 + Level 10.8 Fighting
 + Level 10.5 Axes
 + Level 10.7 Armour
 + Level 10.8 Shields


You had 6 spell levels left.
You didn't know any spells.

Dungeon Overview and Level Annotations

Branches:
Dungeon (1/1)

Altars:

Shops:
D ?


Innate Abilities, Weirdness & Mutations

You reflexively headbutt those who attack you in melee.
You have a pair of horns on your head.
You expend magic power (3 MP) to strengthen your wands.


Message History

The neqoxec is heavily wounded.
You block the neqoxec's attack.
You slash the neqoxec! You headbutt the neqoxec.
You kill the neqoxec!
There is an open door here.
A neqoxec comes into view.
The neqoxec shouts!
The neqoxec gestures at you.
You feel dopey. Something feeds on your intellect!
Found 243 gold pieces.
Found Jaorumnu's Magic Scroll Boutique.
A neqoxec comes into view.
You slash the neqoxec!
The neqoxec is moderately wounded.
The neqoxec gestures at you.
Something tries to feed on your intellect!
You completely miss the neqoxec. You headbutt the neqoxec!
The neqoxec is severely wounded.
The neqoxec hits you.
You die...

## ... ## .##
.3. .# ..
∩..# .#. ##
.⌠.#≈##
#†###.##
.#≈#.
###.##...#
≈'$##'.<.')#
#3#.##.##...#
#@###†###.##
####.#.# ##
#.# #.# ## ##


You could see 2 neqoxecs.

Vanquished Creatures
  A merfolk siren (D)
  2 hippogriffs (D)
  2 neqoxecs (D)
  3 worms (D)
8 creatures vanquished.

Vanquished Creatures (others)
  A crocodile (D)
1 creature vanquished.

Grand Total: 9 creatures vanquished

Notes
Turn   | Place    | Note
-------+----------+-------------------------------------------
     0 | D        | potatolord5000 the Minotaur Fighter began the quest for the Orb.
     0 | D        | Reached XP level 1. HP: 19/19 MP: 0/0
    16 | D        | Reached XP level 2. HP: 9/28 MP: 1/1
    19 | D        | Noticed a merfolk siren
    26 | D        | Killed a merfolk siren
    26 | D        | Reached XP level 3. HP: 41/41 MP: 2/2
    26 | D        | Reached XP level 4. HP: 49/49 MP: 3/3
    26 | D        | Reached XP level 5. HP: 56/56 MP: 4/4
    26 | D        | Reached XP level 6. HP: 62/62 MP: 5/5
    31 | D        | Noticed a hippogriff
    31 | D        | Noticed a hippogriff
    38 | D        | Killed a hippogriff
    43 | D        | Killed a hippogriff
    43 | D        | Reached skill level 10 in Fighting
    43 | D        | Reached skill level 10 in Armour
    43 | D        | Reached skill level 10 in Shields
    43 | D        | Reached XP level 7. HP: 26/72 MP: 6/6
    46 | D        | Noticed a neqoxec
    54 | D        | Noticed a neqoxec
    54 | D        | Killed a neqoxec
    54 | D        | Reached skill level 10 in Axes
    56 | D        | Gained mutation: You expend magic power (3 MP) to strengthen your wands. [a neqoxec]
    62 | D        | HP: 3/73 [neqoxec (8)]
    64 | D        | Killed a neqoxec
    67 | D        | Found Jaorumnu's Magic Scroll Boutique.
    67 | D        | Noticed a neqoxec
    68 | D        | Noticed a neqoxec
    69 | D        | Slain by a neqoxec

Vault maps used:
D:        the_violet_keep_of_menkaure

Skill      XL: |  1  2  3  4  5  6  7 |
---------------+----------------------+-----
Fighting       | 4 8 10 | 10.8
Axes           | 3 8 9 10 | 10.5
Shields        | 4 8 10 | 10.8
Armour         | 4 8 10 | 10.7

Action                   |  1- 3 |  4- 6 |  7- 9 || total
-------------------------+-------+-------+-------++-------
Melee: War axe           |    16 |    10 |    19 ||    45
       Headbutt          |     5 |     2 |     6 ||    13
  Use: Potion            |     3 |       |       ||     3
Armor: Scale mail        |       |     5 |     1 ||     6
Dodge: Dodged            |       |     5 |     1 ||     6
Block: Shield            |     1 |     3 |     3 ||     7
